 Dungeon Crawl Stone Soup version 0.29.1-13-g9f3cf754e1 (webtiles) character file.

Game seed: 15732474608905670395

97 rddays123 the Covered (level 4, -11/41 HPs)
             Began as a Minotaur Fighter on Jan 24, 2023.
             Mangled by an ogre
             ... wielding a +0 giant club
              (13 damage)
             ... on level 3 of the Dungeon.
             The game lasted 00:04:08 (2316 turns).

rddays123 the Covered (Minotaur Fighter)            Turns: 2316, Time: 00:04:09

Health: -11/41     AC:  8    Str: 22    XL:     4   Next: 42%
Magic:  3/3        EV:  9    Int:  5    God:
Gold:   110        SH:  4    Dex: 10    Spells: 3/3 levels left

rFire   . . .      SeeInvis .   a - +0 war axe
rCold   . . .      Faith    .   c - +0 buckler
rNeg    . . .      Spirit   .   b - +0 scale mail
rPois   .          Reflect  .   (helmet restricted)
rElec   .          Harm     .   o - +0 cloak
rCorr   .          Rampage  .   (no gloves)
Will    .....                   (no boots)
Stlth   ..........              (no amulet)
HPRegen 0.13/turn               (no ring)
MPRegen 0.08/turn               (no ring)

@: no status effects
A: horns 2, retaliatory headbutt
a: no special abilities


You were on level 3 of the Dungeon.
You visited 1 branch of the dungeon, and saw 3 of its levels.

You collected 154 gold pieces.
You spent 44 gold pieces at shops.

Inventory:

Hand Weapons
 a - a +0 war axe (weapon)
Armour
 b - a +0 scale mail (worn)
 c - a +0 buckler (worn)
 o - a +0 cloak (worn)
Jewellery
 q - a ring of willpower
Scrolls
 e - 2 scrolls of magic mapping {unknown}
 f - a scroll of amnesia {unknown}
 i - 2 scrolls of teleportation
 j - a scroll of enchant armour {unknown}
 m - a scroll of vulnerability {unknown}
 n - 3 scrolls of noise
 r - a scroll of identify
Potions
 d - 2 potions of might
 g - a potion of heal wounds
 h - a potion of attraction
 k - 2 potions of ambrosia {unknown}
 l - a potion of lignification {unknown}
 p - a potion of curing {unknown}
 s - 2 potions of brilliance {unknown}


   Skills:
 + Level 4.4 Fighting
 + Level 3.6 Axes
 + Level 4.4 Armour
 + Level 4.4 Shields


You had 3 spell levels left.
You didn't know any spells.
Your spell library contained the following spells:

 Spells                   Type           Power      Damage    Failure   Level
 Summon Small Mammal      Summ           0%         N/A       87%         1
 Call Canine Familiar     Summ           0%         N/A       99%         3
 Confusing Touch          Hex            0%         N/A       99%         3
 Summon Guardian Golem    Hex/Summ       0%         N/A       99%         3
 Yara's Violent Unravell  Hex/Tmut       0%         3d3       100%        5
 Enfeeble                 Hex            0%         N/A       100%        7


Dungeon Overview and Level Annotations

Branches:
Dungeon (3/15)

Altars:
Elyvilon

Shops:
D:2 (**


Innate Abilities, Weirdness & Mutations

You have a pair of horns on your head.
You reflexively headbutt those who attack you in melee.


Message History

The endoplasm is severely wounded.
The endoplasm hits you but does no damage. x2
You hit the endoplasm.
You kill the endoplasm!
No target in view!
k - 2 murky yellow potions (gained 1)
You open the door.
Found a stone staircase leading down.
There is an open door here.
No target in view!
There is a stone staircase leading down here.
Found a white marble altar of Elyvilon.
Found a dagger.
You enter the shallow water.
Moving in this stuff is going to be slow.
e - 2 scrolls labelled REUTZE KUKHLAF (gained 1)
s - 2 red potions
There is a white marble altar of Elyvilon here.
You see here a +0 dagger.
Found a stone staircase leading up.
There is a stone staircase leading up here.
You open the door.
An ogre comes into view. It is wielding a +0 giant club.
The ogre shouts!
There is an open door here.
You slash the ogre!
The ogre is heavily wounded.
The ogre hits you with a +0 giant club!!
Ouch! That really hurt!
* * * LOW HITPOINT WARNING * * *
You are too injured to fight recklessly!
You are too injured to fight recklessly!
You closely miss the ogre.
The ogre is heavily wounded.
The ogre hits you with a +0 giant club!
* * * LOW HITPOINT WARNING * * *
You closely miss the ogre.
The ogre is heavily wounded.
The ogre hits you with a +0 giant club!
You die...

......#.##.#.......#....#
##....#.##.........######
###..#.............#
#....####........# ##.#.#
#........# #...#
#........#####
#####...####............#
....#......#.......####.#
...........#....@..# #.#
............###O#### #.#
............###.#######.###
..:...................#<..#
.......###'###....###.#.#.#
....#### #.# ###..###.#.#.#
... #.# #..>##.#.#.# .. #.#
#.#.##.#.#.# . ..#
#.#.#..#.#.#######


You could see an ogre.

Vanquished Creatures
  2 adders
  2 dart slugs
  7 orcs (D:3)
  4 bats
  7 endoplasms
  3 giant cockroaches
  9 goblins
  7 hobgoblins
  2 quokkas (D:3)
  5 ball pythons
  3 frilled lizards
  4 kobolds
  6 rats
61 creatures vanquished.

Vanquished Creatures (others)
  A rat (D:3)
1 creature vanquished.

Grand Total: 62 creatures vanquished

Notes
Turn   | Place    | Note
-------+----------+-------------------------------------------
     0 | D:1      | rddays123 the Minotaur Fighter began the quest for the Orb.
     0 | D:1      | Reached XP level 1. HP: 19/19 MP: 0/0
   183 | D:1      | Reached XP level 2. HP: 27/27 MP: 1/1
   784 | D:2      | Found Xigyuw's Assorted Antiques.
   790 | D:2      | Bought a scroll labelled XAUQIF IDACKEBB for 22 gold pieces
   790 | D:2      | Bought a scroll labelled COSEUR DYSEGU for 22 gold pieces
   805 | D:2      | Reached XP level 3. HP: 28/33 MP: 2/2
   881 | D:2      | Found Rockicoe's Weapon Emporium.
  1394 | D:2      | Found Plog's Assorted Antiques.
  1516 | D:2      | Found a faded altar of an unknown god.
  1692 | D:3      | Reached XP level 4. HP: 26/40 MP: 3/3
  2239 | D:3      | Found a white marble altar of Elyvilon.
  2297 | D:3      | Noticed an ogre
  2315 | D:3      | HP: 1/41 [ogre/+0 giant club (10)]
  2316 | D:3      | Mangled by an ogre

Illustrated notes

Levels and vault maps discovered:
D:1:      dpeg_arrival_simpleton_b, layout_basic
D:2:      layout_loops_corners, hellmonk_ecumenical_altar_pennies_from_heaven,
          serial_shops, nicolae_shop_crystal,
          nicolae_shop_temple_entry_statues_fountains, shop, minmay_misc_feat_x
D:3:      layout_basic, elyvilon_altar_4, kennysheep_flooded_box,
          minmay_bisected

Skill      XL: |  1  2 |
---------------+-------+-----
Fighting       | 4 |  4.4
Armour         | 4 |  4.4
Shields        | 4 |  4.4
Axes           | 3 |  3.6

Action                   |  1- 3 |  4- 6 || total
-------------------------+-------+-------++-------
Melee: War axe           |    93 |    38 ||   131
       Headbutt          |     8 |     2 ||    10
  Use: Scroll            |     4 |       ||     4
Armor: Scale mail        |    40 |    18 ||    58
Dodge: Dodged            |    44 |    18 ||    62
Block: Buckler           |    12 |     9 ||    21
